[ AOE2 MATCH · #483022183 ]
UnrankedMagyars vs Bohemians
[ REPLAY ANALYSIS · EXTRACTED FROM THE RECORDED GAME ]
Feudal
—
Castle
—
Imperial
—
| APM avg | 9.5 |
| APM peak | 26 |
| eAPM avg | 5.6 |
| Villagers / military | 19 / 0 |
Focus
⚔️ 1.7% · 🌾 98.3%
Feudal
—
Castle
—
Imperial
—
| APM avg | 0.2 |
| APM peak | 2 |
| eAPM avg | 0.2 |
| Villagers / military | 0 / 0 |
Feudal
13:01
Castle
—
Imperial
—
| APM avg | 18.0 |
| APM peak | 37 |
| eAPM avg | 11.0 |
| Villagers / military | 50 / 5 |
Focus
⚔️ 7.0% · 🌾 93.0%
Militia ×5
Feudal
—
Castle
—
Imperial
—
| APM avg | 12.0 |
| APM peak | 44 |
| eAPM avg | 3.2 |
| Villagers / military | 13 / 0 |
Focus
⚔️ 19.5% · 🌾 80.5%
Feudal
—
Castle
—
Imperial
—
| APM avg | 29.4 |
| APM peak | 67 |
| eAPM avg | 7.6 |
| Villagers / military | 34 / 5 |
Focus
⚔️ 8.3% · 🌾 91.7%
Archer ×5
Feudal
—
Castle
—
Imperial
—
| APM avg | 10.7 |
| APM peak | 38 |
| eAPM avg | 5.2 |
| Villagers / military | 25 / 0 |
Focus
⚔️ 5.6% · 🌾 94.4%
Feudal
—
Castle
—
Imperial
—
| APM avg | 21.0 |
| APM peak | 62 |
| eAPM avg | 12.7 |
| Villagers / military | 60 / 0 |
Focus
⚔️ 3.6% · 🌾 96.4%
Feudal
12:22
Castle
—
Imperial
—
| APM avg | 13.1 |
| APM peak | 45 |
| eAPM avg | 7.4 |
| Villagers / military | 35 / 0 |
Focus
⚔️ 0.0% · 🌾 100.0%
Match map
Initial resources + every placement click. Lines = walls · curves = elevation contours. ◆ gold · ⬟ stone · ● berries · ✦ relic · ◌ wall gap
Your base· ✓ Closed at 12:00 · 0t walls · 3 gate(s)
小迟爱吃's base· ✓ Closed at 12:00 · 0t walls · 2 gate(s)
Josmalaga3's base· ✓ Closed at 12:00 · 0t walls · 3 gate(s)
三十秒必射觀音手's base· ✓ Closed at 12:00 · 0t walls · 3 gate(s)
Icewulf 11's base· ✓ Closed at 12:00 · 0t walls · 2 gate(s)
haodeheng's base· ✓ Closed at 12:00 · 0t walls · 2 gate(s)
war_xtreme's base· ✓ Closed at 12:00 · 0t walls · 2 gate(s)
Sherdil's base· ✓ Closed at 12:00 · 0t walls · 3 gate(s)
Smoothed initial terrain · ◌ = detected wall gap · hover for details
Inputs per minute
— Amber - - 小迟爱吃
Build order — Amber
25 actions detected in the replay
| 0:16 | Build | Mill |
| 0:21 | Build | House |
| 0:24 | Build | House |
| 0:28 | Build | House |
| 0:40 | Research | Loom |
| 0:40 | Create | Villager (Male) ×4 |
| 1:05 | Build | House |
| 2:44 | Create | Villager (Male) |
| 3:05 | Create | Villager (Male) |
| 3:32 | Create | Villager (Male) |
| 3:57 | Create | Villager (Male) |
| 4:22 | Create | Villager (Male) |
| 4:38 | Create | Villager (Male) |
| 5:11 | Create | Villager (Male) |
| 5:15 | Create | Villager (Male) |
| 5:40 | Create | Villager (Male) |
| 5:57 | Create | Villager (Male) |
| 6:17 | Create | Villager (Male) |
| 7:02 | Build | House |
| 7:04 | Build | House |
| 7:11 | Create | Villager (Male) |
| 8:25 | Create | Villager (Male) |
| 8:26 | Create | Villager (Male) |
| 8:49 | Build | Lumber Camp |
| 9:02 | Create | Villager (Male) |
Build order — 小迟爱吃
0 actions detected in the replay
Build order — Josmalaga3
86 actions detected in the replay
| 0:04 | Create | Villager (Male) |
| 0:04 | Create | Villager (Male) |
| 0:04 | Create | Villager (Male) |
| 0:04 | Create | Villager (Male) |
| 0:05 | Create | Villager (Male) |
| 0:05 | Create | Villager (Male) |
| 0:10 | Build | House |
| 0:11 | Build | House |
| 0:16 | Build | House |
| 0:17 | Build | House |
| 1:46 | Create | Villager (Male) |
| 1:47 | Create | Villager (Male) |
| 1:47 | Create | Villager (Male) |
| 2:15 | Create | Villager (Male) |
| 2:15 | Create | Villager (Male) |
| 2:43 | Create | Villager (Male) |
| 2:44 | Create | Villager (Male) |
| 3:06 | Create | Villager (Male) |
| 3:06 | Create | Villager (Male) |
| 3:08 | Create | Villager (Male) |
| 3:08 | Create | Villager (Male) |
| 3:08 | Create | Villager (Male) |
| 3:43 | Build | Lumber Camp |
| 3:48 | Create | Villager (Male) |
| 3:48 | Create | Villager (Male) |
| 4:27 | Create | Villager (Male) |
| 4:27 | Create | Villager (Male) |
| 4:47 | Build | Mill |
| 4:58 | Create | Villager (Male) |
| 4:58 | Create | Villager (Male) |
| 5:42 | Create | Villager (Male) |
| 5:42 | Create | Villager (Male) |
| 5:42 | Create | Villager (Male) |
| 5:43 | Create | Villager (Male) |
| 5:51 | Research | Loom |
| 6:03 | Create | Villager (Male) |
| 6:03 | Create | Villager (Male) |
| 6:19 | Build | House |
| 6:20 | Build | House |
| 6:21 | Build | House |
| 6:25 | Create | Villager (Male) |
| 6:25 | Create | Villager (Male) |
| 6:25 | Create | Villager (Male) |
| 7:22 | Create | Villager (Male) |
| 7:22 | Create | Villager (Male) |
| 7:22 | Create | Villager (Male) |
| 7:23 | Create | Villager (Male) |
| 7:23 | Create | Villager (Male) |
| 7:23 | Create | Villager (Male) |
| 8:11 | Build | Barracks |
| 8:34 | Build | Mill |
| 9:01 | Create | Villager (Male) |
| 9:01 | Create | Villager (Male) |
| 9:01 | Create | Villager (Male) |
| 10:24 | Build | Barracks |
| 10:48 | Build | Mining Camp |
| 10:51 | Research | Feudal Age |
| 10:59 | Build | Farm |
| 10:59 | Build | Farm |
| 11:00 | Build | Farm |
| 11:00 | Build | Farm |
| 11:00 | Build | Farm |
| 11:00 | Build | Farm |
| 11:01 | Build | Farm |
| 11:01 | Build | Farm |
| 11:01 | Build | Farm |
| 11:01 | Build | Farm |
| 12:01 | Create | Militia |
| 12:01 | Create | Militia |
| 12:01 | Create | Militia |
| 12:01 | Create | Militia |
| 12:01 | Create | Militia |
| 12:39 | Create | Villager (Male) |
| 12:40 | Create | Villager (Male) |
| 12:40 | Create | Villager (Male) |
| 13:01 | Age | Feudal Age |
| 13:15 | Research | Man-at-Arms (upgrade) |
| 13:16 | Research | Arson |
| 13:25 | Build | Blacksmith |
| 13:33 | Research | Horse Collar |
| 13:36 | Research | Double-Bit Axe |
| 13:41 | Create | Villager (Male) |
| 13:41 | Create | Villager (Male) |
| 14:30 | Create | Villager (Male) |
| 14:31 | Create | Villager (Male) |
| 14:31 | Create | Villager (Male) |
Build order — 三十秒必射觀音手
16 actions detected in the replay
| 0:08 | Build | House |
| 0:10 | Create | Villager (Male) |
| 0:10 | Create | Villager (Male) |
| 0:10 | Create | Villager (Male) |
| 0:11 | Create | Villager (Male) |
| 0:28 | Build | House |
| 0:50 | Build | House |
| 2:08 | Create | Villager (Male) |
| 2:08 | Create | Villager (Male) |
| 2:24 | Create | Villager (Male) |
| 3:20 | Create | Villager (Male) |
| 3:20 | Create | Villager (Male) |
| 3:48 | Create | Villager (Male) |
| 3:48 | Create | Villager (Male) |
| 4:29 | Create | Villager (Male) |
| 4:30 | Create | Villager (Male) |
Build order — Icewulf 11
68 actions detected in the replay
| 0:12 | Research | Loom |
| 0:13 | Create | Villager (Male) |
| 0:13 | Create | Villager (Male) |
| 0:13 | Create | Villager (Male) |
| 0:14 | Create | Villager (Male) |
| 0:23 | Build | House |
| 0:27 | Build | House |
| 1:23 | Build | House |
| 1:27 | Build | House |
| 1:43 | Create | Villager (Male) |
| 2:28 | Build | Lumber Camp |
| 2:33 | Create | Villager (Male) |
| 2:59 | Create | Villager (Male) |
| 3:28 | Create | Villager (Male) |
| 3:50 | Create | Villager (Male) |
| 4:05 | Create | Villager (Male) |
| 4:15 | Create | Villager (Male) |
| 4:39 | Create | Villager (Male) |
| 4:58 | Create | Villager (Male) |
| 5:12 | Create | Villager (Male) |
| 5:43 | Create | Villager (Male) |
| 5:43 | Create | Villager (Male) |
| 6:04 | Create | Villager (Male) |
| 7:06 | Create | Villager (Male) |
| 7:06 | Create | Villager (Male) |
| 7:11 | Create | Villager (Male) |
| 7:25 | Build | Mill |
| 7:29 | Create | Villager (Male) |
| 8:08 | Create | Villager (Male) |
| 8:08 | Create | Villager (Male) |
| 8:15 | Build | House |
| 8:21 | Build | House |
| 8:53 | Create | Villager (Male) |
| 9:30 | Build | Barracks |
| 10:06 | Create | Villager (Male) |
| 10:24 | Build | Barracks |
| 10:40 | Research | Feudal Age |
| 11:26 | Build | House |
| 11:54 | Build | Farm |
| 11:59 | Build | Farm |
| 12:08 | Build | Farm |
| 12:15 | Build | House |
| 12:24 | Build | Farm |
| 12:30 | Build | Farm |
| 12:36 | Build | Farm |
| 12:44 | Build | Farm |
| 12:46 | Create | Villager (Male) |
| 12:47 | Create | Villager (Male) |
| 12:47 | Create | Villager (Male) |
| 12:47 | Create | Villager (Male) |
| 12:47 | Create | Villager (Male) |
| 12:48 | Create | Villager (Male) |
| 12:58 | Research | Double-Bit Axe |
| 13:05 | Build | Archery Range |
| 13:16 | Research | Horse Collar |
| 13:26 | Build | Mining Camp |
| 13:29 | Create | Villager (Male) |
| 14:01 | Build | Farm |
| 14:08 | Build | Blacksmith |
| 14:11 | Create | Archer |
| 14:11 | Create | Archer |
| 14:29 | Build | Farm |
| 14:34 | Create | Villager (Male) |
| 14:53 | Build | Farm |
| 14:59 | Create | Villager (Male) |
| 15:05 | Create | Archer |
| 15:05 | Create | Archer |
| 15:05 | Create | Archer |
Build order — haodeheng
33 actions detected in the replay
| 0:09 | Build | House |
| 0:10 | Build | House |
| 0:13 | Create | Villager (Male) |
| 0:14 | Create | Villager (Male) |
| 0:14 | Create | Villager (Male) |
| 0:14 | Create | Villager (Male) |
| 0:14 | Create | Villager (Male) |
| 1:53 | Research | Loom |
| 2:18 | Create | Villager (Male) |
| 2:19 | Create | Villager (Male) |
| 3:08 | Create | Villager (Male) |
| 3:08 | Create | Villager (Male) |
| 3:55 | Create | Villager (Male) |
| 3:56 | Create | Villager (Male) |
| 3:56 | Create | Villager (Male) |
| 4:17 | Create | Villager (Male) |
| 4:17 | Create | Villager (Male) |
| 4:56 | Build | House |
| 5:26 | Create | Villager (Male) |
| 5:26 | Create | Villager (Male) |
| 5:26 | Create | Villager (Male) |
| 5:56 | Create | Villager (Male) |
| 5:57 | Create | Villager (Male) |
| 6:06 | Build | House |
| 6:42 | Build | Lumber Camp |
| 7:10 | Build | Mill |
| 7:45 | Create | Villager (Male) |
| 7:45 | Create | Villager (Male) |
| 8:19 | Build | Mill |
| 8:30 | Create | Villager (Male) |
| 8:30 | Create | Villager (Male) |
| 9:15 | Create | Villager (Male) |
| 9:16 | Create | Villager (Male) |
Build order — war_xtreme
77 actions detected in the replay
| 0:17 | Research | Loom |
| 0:25 | Build | House |
| 0:29 | Build | House |
| 0:33 | Build | House |
| 0:38 | Create | Villager (Male) |
| 0:39 | Create | Villager (Male) |
| 0:39 | Create | Villager (Male) |
| 1:14 | Build | Lumber Camp |
| 2:33 | Create | Villager (Male) |
| 2:33 | Create | Villager (Male) |
| 2:33 | Create | Villager (Male) |
| 2:56 | Create | Villager (Male) |
| 2:56 | Create | Villager (Male) |
| 2:56 | Create | Villager (Male) |
| 3:26 | Create | Villager (Male) |
| 3:26 | Create | Villager (Male) |
| 3:26 | Create | Villager (Male) |
| 4:03 | Create | Villager (Male) |
| 4:04 | Create | Villager (Male) |
| 4:04 | Create | Villager (Male) |
| 4:22 | Create | Villager (Male) |
| 4:22 | Create | Villager (Male) |
| 4:37 | Build | Farm |
| 4:49 | Create | Villager (Male) |
| 4:49 | Create | Villager (Male) |
| 5:00 | Build | Farm |
| 5:14 | Create | Villager (Male) |
| 5:15 | Create | Villager (Male) |
| 5:56 | Build | Farm |
| 6:24 | Create | Villager (Male) ×3 |
| 6:25 | Create | Villager (Male) ×3 |
| 6:25 | Create | Villager (Male) ×3 |
| 6:25 | Create | Villager (Male) |
| 6:35 | Build | House |
| 6:40 | Build | House |
| 6:50 | Create | Villager (Male) |
| 6:51 | Create | Villager (Male) |
| 6:51 | Create | Villager (Male) |
| 6:51 | Create | Villager (Male) |
| 7:17 | Create | Villager (Male) |
| 7:17 | Create | Villager (Male) |
| 7:28 | Build | Farm |
| 7:35 | Build | House |
| 7:53 | Create | Villager (Male) |
| 7:53 | Create | Villager (Male) |
| 7:54 | Create | Villager (Male) |
| 8:17 | Build | House |
| 8:21 | Build | House |
| 8:39 | Build | Farm |
| 8:44 | Build | Farm |
| 8:58 | Build | Farm |
| 9:06 | Create | Villager (Male) |
| 9:07 | Create | Villager (Male) |
| 9:22 | Build | Farm |
| 9:30 | Create | Villager (Male) |
| 9:30 | Create | Villager (Male) |
| 9:31 | Create | Villager (Male) |
| 10:36 | Create | Villager (Male) |
| 10:36 | Create | Villager (Male) |
| 10:36 | Create | Villager (Male) |
| 10:36 | Create | Villager (Male) |
| 10:37 | Create | Villager (Male) |
| 10:37 | Create | Villager (Male) |
| 10:37 | Create | Villager (Male) |
| 10:49 | Build | Mill |
| 12:01 | Create | Villager (Male) |
| 12:01 | Create | Villager (Male) |
| 12:01 | Create | Villager (Male) |
| 12:02 | Create | Villager (Male) |
| 12:02 | Create | Villager (Male) |
| 12:47 | Build | Mining Camp |
| 14:02 | Build | Farm |
| 14:07 | Create | Villager (Male) |
| 14:07 | Create | Villager (Male) |
| 14:07 | Create | Villager (Male) |
| 14:54 | Build | Mining Camp |
| 14:58 | Research | Feudal Age |
Build order — Sherdil
62 actions detected in the replay
| 0:07 | Build | House |
| 0:08 | Build | House |
| 0:10 | Build | House |
| 0:12 | Build | House |
| 0:18 | Research | Loom |
| 0:19 | Create | Villager (Male) |
| 0:19 | Create | Villager (Male) |
| 0:19 | Create | Villager (Male) |
| 0:19 | Create | Villager (Male) |
| 0:20 | Create | Villager (Male) |
| 1:58 | Build | Mill |
| 2:24 | Create | Villager (Male) |
| 2:51 | Create | Villager (Male) |
| 3:23 | Create | Villager (Male) |
| 3:51 | Create | Villager (Male) |
| 3:51 | Create | Villager (Male) |
| 3:52 | Create | Villager (Male) |
| 4:21 | Create | Villager (Male) |
| 4:41 | Create | Villager (Male) |
| 4:48 | Create | Villager (Male) |
| 5:36 | Create | Villager (Male) |
| 5:36 | Create | Villager (Male) |
| 5:36 | Create | Villager (Male) |
| 5:37 | Create | Villager (Male) |
| 6:10 | Create | Villager (Male) |
| 6:10 | Create | Villager (Male) |
| 6:10 | Create | Villager (Male) |
| 6:10 | Create | Villager (Male) |
| 6:30 | Build | Lumber Camp |
| 6:41 | Create | Villager (Male) |
| 6:41 | Create | Villager (Male) |
| 8:54 | Create | Villager (Male) |
| 9:24 | Build | House |
| 10:12 | Research | Feudal Age |
| 10:58 | Build | Farm |
| 10:59 | Build | Farm |
| 11:00 | Build | Farm |
| 11:02 | Build | Farm |
| 11:04 | Build | Farm |
| 11:06 | Build | Farm |
| 11:07 | Build | Farm |
| 11:08 | Build | Farm |
| 11:12 | Build | Farm |
| 11:14 | Build | Farm |
| 11:16 | Build | Farm |
| 11:31 | Build | House |
| 12:12 | Build | House |
| 12:14 | Build | House |
| 12:22 | Age | Feudal Age |
| 12:23 | Create | Villager (Male) |
| 12:24 | Create | Villager (Male) |
| 12:24 | Create | Villager (Male) |
| 12:54 | Build | Farm |
| 12:55 | Build | Farm |
| 13:31 | Build | Mining Camp |
| 13:40 | Create | Villager (Male) |
| 14:00 | Create | Villager (Male) |
| 14:30 | Create | Villager (Male) |
| 14:57 | Create | Villager (Male) |
| 14:57 | Create | Villager (Male) |
| 14:58 | Create | Villager (Male) |
| 14:58 | Create | Villager (Male) |
Match timeline
| 5:26 | 三十秒必射觀音手 · resign |
| 8:11 | Josmalaga3 · first_building Barracks |
| 9:30 | Icewulf 11 · first_building Barracks |
| 12:22 | Sherdil · age_up feudal |
| 13:01 | Josmalaga3 · age_up feudal |
| 13:05 | Icewulf 11 · first_building Archery Range |
[ AI ANALYSIS · 1 CREDIT ]
What really happened in this match?
Wolo.gg analyzes every decision: build order, eco, micro, common mistakes by bracket. Personalized analysis on WhatsApp or Discord in 30 seconds.
Civ guide
Magyars
Perfil
Jugador #6146252